LNP
GUANICA AMIGOS @ UTUADO ARRIBENOS
09/04/1903
 
TOP OF THE 1ST
Guanica Amigos batting - Pitching for Utuado Arribenos : RHP Lucas Robles
Pitching: RHP Lucas Robles
Batting: RHB Arquímedes Guevara 0-0: Ball
1-0: Foul Ball, location: 9LDF
1-1: Called Strike
1-2: Strikes out swinging
Batting: RHB Melquíades Milla 0-0: Foul Ball, location: 2F
0-1: Swinging Strike
0-2: SINGLE (Line Drive, 7LM, EV 173 KM/H)
Batting: RHB Noé Pérez 0-0: Foul Ball, location: 9LSF
0-1: Foul Ball, location: 2F
0-2: Ball
1-2: Strikes out swinging
Melquíades Milla steals 2nd base
Batter strikes out.
Batting: RHB Mario Franco 0-0: Ball
1-0: Ground out 6-3 (Groundball, 6, EV 134 KM/H)
Top of the 1st over - 0 runs, 1 hit, 0 errors, 1 left on base; Guanica 0 - Utuado 0
BOTTOM OF THE 1ST
Utuado Arribenos batting - Pitching for Guanica Amigos : LHP Urso Cáceres
Pitching: LHP Urso Cáceres
Batting: LHB Gaudencio Ojeda 0-0: Ball
1-0: Ball
2-0: Ball
3-0: Called Strike
3-1: Fly out, F8 (Flyball, 8LXD, EV 163 KM/H)
Batting: SHB Egidio Osorio 0-0: Ball
1-0: Ground out 5-3 (Groundball, 56, EV 141 KM/H)
Batting: RHB Rogelio Hernández 0-0: Called Strike
0-1: Ball
1-1: Ball
2-1: Ball
3-1: SINGLE (Groundball, 6MD, EV 163 KM/H)
Batting: LHB Urbano Rivera 0-0: Fielders Choice at 2nd, 6-4 (Groundball, 6, EV 128 KM/H)
Bottom of the 1st over - 0 runs, 1 hit, 0 errors, 1 left on base; Guanica 0 - Utuado 0
TOP OF THE 2ND
Guanica Amigos batting - Pitching for Utuado Arribenos : RHP Lucas Robles
Batting: LHB Emanuel Vargas 0-0: Ball
1-0: Swinging Strike
1-1: Fly out, F7 (Flyball, 78M, EV 140 KM/H)
Batting: RHB Filóstrato Pesantes 0-0: Swinging Strike
0-1: Ball
1-1: Ball
2-1: Ball
3-1: Bunt missed!
3-2: Foul Ball, location: 2F
3-2: Foul Ball, location: 2F
3-2: Reached on error, E7 (Flyball, 78M, EV 147 KM/H)
Batting: SHB Chandler King 0-0: Ball
1-0: Fly out, F8 (Flyball, 8RM, EV 144 KM/H)
Batting: RHB Osmundo Peña 0-0: Ball
1-0: Ball
Filóstrato Pesantes is caught stealing 2nd base 2-4
Top of the 2nd over - 0 runs, 0 hits, 1 error, 0 left on base; Guanica 0 - Utuado 0
BOTTOM OF THE 2ND
Utuado Arribenos batting - Pitching for Guanica Amigos : LHP Urso Cáceres
Batting: RHB Haffy Beattie 0-0: Ball
1-0: Foul Ball, location: 2F
1-1: Fly out, F8 (Flyball, 8LXD, EV 173 KM/H)
Batting: RHB Alrigo García 0-0: Ball
1-0: Fly out, F8 (Line Drive, 8LM, EV 159 KM/H)
Batting: RHB Jorge Pitones 0-0: Called Strike
0-1: Foul Ball, location: 25F
0-2: Foul Ball, location: 3F
0-2: Ball
1-2: Foul Ball, location: 5F
1-2: Strikes out looking
Bottom of the 2nd over - 0 runs, 0 hits, 0 errors, 0 left on base; Guanica 0 - Utuado 0
TOP OF THE 3RD
Guanica Amigos batting - Pitching for Utuado Arribenos : RHP Lucas Robles
Batting: RHB Osmundo Peña 0-0: Foul Ball, location: 2RF
0-1: Foul Ball, location: 3FF
0-2: Foul Ball, location: 9LMF
0-2: Fly out, F8 (Flyball, 8RS, EV 151 KM/H)
Batting: SHB Adelmo López 0-0: Ball
1-0: TRIPLE (Flyball, 78XD, EV 164 KM/H)
Batting: RHB Arquímedes Guevara 0-0: Ball
1-0: Swinging Strike
1-1: Foul Ball, location: 3FF
1-2: Ball
2-2: Ball
3-2: Strikes out looking
Batting: RHB Melquíades Milla 0-0: Ball
1-0: Fly out, F7 (Line Drive, 7, EV 155 KM/H)
Top of the 3rd over - 0 runs, 1 hit, 0 errors, 1 left on base; Guanica 0 - Utuado 0
BOTTOM OF THE 3RD
Utuado Arribenos batting - Pitching for Guanica Amigos : LHP Urso Cáceres
Batting: RHB Guarionex Garza 0-0: Ball
1-0: SINGLE (Groundball, 34D, EV 154 KM/H)
Batting: RHB Diomedes Estopinán 0-0: Ball
1-0: Sac Bunt to P - play at first, batter OUT! 1-4
Guarionex Garza to second
Batting: LHB Gaudencio Ojeda 0-0: SINGLE (Groundball, 6MD, EV 160 KM/H)
Guarionex Garza to third
Runner from 3rd tries for Home, SAFE, throw by CF to home
Gaudencio Ojeda to second
Batting: SHB Egidio Osorio 0-0: Called Strike
0-1: Ball
1-1: Fly out, F6 (Popup, 6S, EV 121 KM/H)
Batting: RHB Rogelio Hernández 0-0: Ball
1-0: Ground out 6-3 (Groundball, 6, EV 131 KM/H)
Bottom of the 3rd over - 1 run, 2 hits, 0 errors, 1 left on base; Guanica 0 - Utuado 1
TOP OF THE 4TH
Guanica Amigos batting - Pitching for Utuado Arribenos : RHP Lucas Robles
Batting: RHB Noé Pérez 0-0: Ball
1-0: Foul Ball, location: 2F
1-1: Foul Ball, location: 2F
1-2: Ground out 5-3 (Groundball, 56D, EV 132 KM/H)
Batting: RHB Mario Franco 0-0: Foul Ball, location: 5F
0-1: Ball
1-1: Foul Ball, location: 3SF
1-2: Strikes out swinging
Batting: LHB Emanuel Vargas 0-0: Ball
1-0: Ball
2-0: Called Strike
2-1: Swinging Strike
2-2: Ground out U3 (Groundball, 34, EV 133 KM/H)
Top of the 4th over - 0 runs, 0 hits, 0 errors, 0 left on base; Guanica 0 - Utuado 1
BOTTOM OF THE 4TH
Utuado Arribenos batting - Pitching for Guanica Amigos : LHP Urso Cáceres
Batting: LHB Urbano Rivera 0-0: Ball
1-0: Ball
2-0: Swinging Strike
2-1: Foul Ball, location: 2F
2-2: Ground out 5-3 (Groundball, 56S, EV 122 KM/H)
Batting: RHB Haffy Beattie 0-0: Ball
1-0: Called Strike
1-1: SINGLE (Line Drive, 89S, EV 168 KM/H)
Batting: RHB Alrigo García 0-0: Ball
1-0: Ball
2-0: Ball
3-0: Called Strike
3-1: Swinging Strike
3-2: Strikes out swinging
Batting: RHB Jorge Pitones 0-0: Fielders Choice at 2nd, 6-4 (Groundball, 6D, EV 170 KM/H)
Bottom of the 4th over - 0 runs, 1 hit, 0 errors, 1 left on base; Guanica 0 - Utuado 1
TOP OF THE 5TH
Guanica Amigos batting - Pitching for Utuado Arribenos : RHP Lucas Robles
Batting: RHB Filóstrato Pesantes 0-0: Called Strike
0-1: Foul Ball, location: 9LDF
0-2: TRIPLE (Line Drive, 89XD, EV 176 KM/H)
Batting: SHB Chandler King 0-0: Ball
1-0: Ball
Passed Ball!
Filóstrato Pesantes scores
2-0: Called Strike
2-1: Ball
3-1: Foul Ball, location: 7LSF
3-2: Reached on error, E4 (Groundball, 4, EV 146 KM/H)
Batting: RHB Osmundo Peña 0-0: Ball
1-0: Sac Bunt to 2L - play at first, batter OUT! 2-4
Chandler King to second
Batting: SHB Adelmo López 0-0: Ball
1-0: Ball
2-0: Ball
3-0: Called Strike
3-1: Ground out 6-3 (Groundball, 6, EV 170 KM/H)
Batting: RHB Arquímedes Guevara 0-0: Called Strike
0-1: Ball
1-1: SINGLE (Line Drive, 8LS, EV 143 KM/H)
Chandler King to third
Runner from 3rd tries for Home, SAFE, throw by CF to home
Arquímedes Guevara to second
Batting: RHB Melquíades Milla 0-0: Called Strike
0-1: Called Strike
0-2: Foul Ball, location: 3SF
0-2: Ball
1-2: Ball
2-2: Fly out, F8 (Line Drive, 8LM, EV 164 KM/H)
Top of the 5th over - 2 runs, 2 hits, 1 error, 1 left on base; Guanica 2 - Utuado 1
BOTTOM OF THE 5TH
Utuado Arribenos batting - Pitching for Guanica Amigos : LHP Urso Cáceres
Batting: RHB Guarionex Garza 0-0: Ball
1-0: Called Strike
1-1: SINGLE (Line Drive, 89M, EV 174 KM/H)
Batting: RHB Diomedes Estopinán 0-0: Bunt missed!
0-1: Ball
1-1: Bunted foul
1-2: Foul Ball, location: 2F
1-2: Fly out, F9 (Flyball, 9, EV 139 KM/H)
Batting: LHB Gaudencio Ojeda 0-0: Fly out, F8 (Flyball, 8LS, EV 155 KM/H)
Batting: SHB Egidio Osorio 0-0: Fielders Choice at 2nd, 5-4 (Groundball, 56, EV 137 KM/H)
Bottom of the 5th over - 0 runs, 1 hit, 0 errors, 1 left on base; Guanica 2 - Utuado 1
TOP OF THE 6TH
Guanica Amigos batting - Pitching for Utuado Arribenos : RHP Lucas Robles
Batting: RHB Noé Pérez 0-0: Called Strike
0-1: Ball
1-1: Fly out, F7 (Flyball, 78S, EV 148 KM/H)
Batting: RHB Mario Franco 0-0: Called Strike
0-1: Ball
1-1: Ball
2-1: Fly out, F9 (Line Drive, 9LM, EV 148 KM/H)
Batting: LHB Emanuel Vargas 0-0: Called Strike
0-1: Called Strike
0-2: Ball
1-2: Strikes out swinging
Top of the 6th over - 0 runs, 0 hits, 0 errors, 0 left on base; Guanica 2 - Utuado 1
BOTTOM OF THE 6TH
Utuado Arribenos batting - Pitching for Guanica Amigos : LHP Urso Cáceres
Batting: RHB Rogelio Hernández 0-0: Ball
1-0: Foul Ball, location: 5F
1-1: SINGLE (Line Drive, 6MD, EV 158 KM/H)
Batting: LHB Urbano Rivera 0-0: Ball
1-0: Foul Ball, location: 7LSF
1-1: Ball
2-1: Ball
3-1: Called Strike
3-2: Grounds into double play, 4-6-3 (Groundball, 4S, EV 145 KM/H)
Batting: RHB Haffy Beattie 0-0: Called Strike
0-1: Swinging Strike
0-2: Foul Ball, location: 2F
0-2: SINGLE (Line Drive, 4MD, EV 150 KM/H)
Batting: RHB Alrigo García 0-0: Ball
1-0: Fielders Choice at 2nd, U6 (Groundball, 6M, EV 143 KM/H)
Bottom of the 6th over - 0 runs, 2 hits, 0 errors, 1 left on base; Guanica 2 - Utuado 1
TOP OF THE 7TH
Guanica Amigos batting - Pitching for Utuado Arribenos : RHP Lucas Robles
Batting: RHB Filóstrato Pesantes 0-0: Ball
1-0: Ball
2-0: Ball
3-0: Foul Ball, location: 5F
3-1: Base on Balls
Batting: SHB Chandler King 0-0: Sac Bunt to 23 - play at first, batter OUT! 3-4
Filóstrato Pesantes to second
Batting: RHB Osmundo Peña 0-0: Called Strike
0-1: Ball
1-1: Foul Ball, location: 3DF
1-2: Fly out, F7 (Line Drive, 7D, EV 165 KM/H)
Batting: SHB Adelmo López 0-0: Intentional Walk
Batting: RHB Arquímedes Guevara 0-0: Ball
1-0: Swinging Strike
1-1: Ground out 4-3 (Groundball, 4, EV 147 KM/H)
Top of the 7th over - 0 runs, 0 hits, 0 errors, 2 left on base; Guanica 2 - Utuado 1
BOTTOM OF THE 7TH
Utuado Arribenos batting - Pitching for Guanica Amigos : LHP Urso Cáceres
Batting: RHB Jorge Pitones 0-0: Ball
1-0: Ball
2-0: Fly out, F8 (Flyball, 8RM, EV 146 KM/H)
Batting: RHB Guarionex Garza 0-0: Ball
1-0: Foul Ball, location: 2F
1-1: Called Strike
1-2: DOUBLE (Flyball, 8LXD, EV 177 KM/H)
Batting: RHB Diomedes Estopinán 0-0: Fly out, F9 (Flyball, 9S, EV 155 KM/H)
Pinch Hitting: RHB Manuel Cabrera 0-0: Reached on error, E4 (Groundball, 4S, EV 139 KM/H)
Guarionex Garza to third
Pinch Hitting: RHB Tomás Guzmán 0-0: Called Strike
0-1: Foul Ball, location: 2F
0-2: Ball
1-2: Strikes out looking
Bottom of the 7th over - 0 runs, 1 hit, 1 error, 2 left on base; Guanica 2 - Utuado 1
TOP OF THE 8TH
Guanica Amigos batting - Pitching for Utuado Arribenos : RHP Lucas Robles
Now at 3B: Manuel Cabrera
Now in CF: Juan Ocampo
Batting: RHB Melquíades Milla 0-0: Ball
1-0: Called Strike
1-1: Fly out, F8 (Line Drive, 8LM, EV 140 KM/H)
Batting: RHB Noé Pérez 0-0: Ball
1-0: Ball
2-0: Called Strike
2-1: SINGLE (Line Drive, 7S, EV 163 KM/H)
Batting: RHB Mario Franco 0-0: Called Strike
Noé Pérez is caught stealing 2nd base 2-4
0-1: Ball
1-1: Foul Ball, location: 2F
1-2: Foul Ball, location: 2F
1-2: Foul Ball, location: 2F
1-2: Reached on error, E5 (Groundball, 56, EV 171 KM/H)
Batting: LHB Emanuel Vargas 0-0: Ball
Mario Franco steals 2nd base
1-0: Intentional Walk
Batting: RHB Filóstrato Pesantes 0-0: Ground out 4-3 (Groundball, 4, EV 124 KM/H)
Top of the 8th over - 0 runs, 1 hit, 1 error, 2 left on base; Guanica 2 - Utuado 1
BOTTOM OF THE 8TH
Utuado Arribenos batting - Pitching for Guanica Amigos : LHP Urso Cáceres
Batting: RHB Rogelio Hernández 0-0: Called Strike
0-1: SINGLE (Groundball, 34S, EV 147 KM/H) (infield hit)
Batting: RHB Jesús Piñeda 0-0: Bunted foul
0-1: Ball
1-1: Bunted foul
1-2: Ball
2-2: Ball
3-2: Fielders Choice at 2nd, 6-4 (Groundball, 6, EV 141 KM/H)
Batting: RHB Haffy Beattie 0-0: Called Strike
0-1: Ball
1-1: Called Strike
1-2: Ball
2-2: Fly out, F6 (Popup, 6, EV 110 KM/H)
Batting: RHB Alrigo García 0-0: Foul Ball, location: 3FF
0-1: Foul Ball, location: 3FF
0-2: Fielders Choice at 2nd, 6-4 (Groundball, 6, EV 163 KM/H)
Bottom of the 8th over - 0 runs, 1 hit, 0 errors, 1 left on base; Guanica 2 - Utuado 1
TOP OF THE 9TH
Guanica Amigos batting - Pitching for Utuado Arribenos : RHP Lucas Robles
Batting: SHB Chandler King 0-0: Called Strike
0-1: Foul Ball, location: 3F
0-2: Ground out 4-3 (Groundball, 4, EV 164 KM/H)
Batting: RHB Osmundo Peña 0-0: Ball
1-0: Ground out 6-3 (Groundball, 6, EV 170 KM/H)
Batting: SHB Adelmo López 0-0: Swinging Strike
0-1: Foul Ball, location: 2F
0-2: Ball
1-2: Ball
2-2: Fly out, F8 (Line Drive, 8RM, EV 173 KM/H)
Top of the 9th over - 0 runs, 0 hits, 0 errors, 0 left on base; Guanica 2 - Utuado 1
BOTTOM OF THE 9TH
Utuado Arribenos batting - Pitching for Guanica Amigos : LHP Urso Cáceres
Now at 1B: Felipe Vásquez
Batting: RHB Jorge Pitones 0-0: Foul Ball, location: 3F
0-1: Ball
1-1: Called Strike
1-2: Foul Ball, location: 2F
1-2: DOUBLE (Line Drive, 78XD, EV 176 KM/H)
Batting: RHB Guarionex Garza 0-0: Bunted foul
0-1: Sac Bunt to 15 - play at first, batter OUT! 1-4
Jorge Pitones to third
Batting: RHB Diomedes Estopinán 0-0: Squeeze Bunt to 5S - play home, runner scores, batter safe!
Jorge Pitones scores
Batting: RHB Manuel Cabrera 0-0: Ball
1-0: Fly out, F7 (Flyball, 7, EV 150 KM/H)
Pinch Hitting: LHB Marco Aguiar 0-0: Called Strike
0-1: Ball
1-1: Ball
2-1: Fly out, F8 (Flyball, 8RXD, EV 146 KM/H)
Bottom of the 9th over - 1 run, 1 hit, 0 errors, 1 left on base; Guanica 2 - Utuado 2
TOP OF THE 10TH
Guanica Amigos batting - Pitching for Utuado Arribenos : RHP Lucas Robles
Now in CF: Marco Aguiar
Pinch Hitting: LHB Emanuel Sánchez 0-0: Ball
1-0: Foul Ball, location: 2F
1-1: Fly out, F7 (Flyball, 7S, EV 152 KM/H)
Batting: RHB Melquíades Milla 0-0: Fly out, F8 (Line Drive, 8RM, EV 144 KM/H)
Batting: RHB Noé Pérez 0-0: Ball
1-0: Called Strike
1-1: Ball
2-1: Called Strike
2-2: Fly out, F8 (Flyball, 8RXD, EV 162 KM/H)
Top of the 10th over - 0 runs, 0 hits, 0 errors, 0 left on base; Guanica 2 - Utuado 2
BOTTOM OF THE 10TH
Utuado Arribenos batting - Pitching for Guanica Amigos : LHP Urso Cáceres
Now in LF: Gerardo Alonso
Now in CF: Mario Franco
Batting: RHB Rogelio Hernández 0-0: Ball
1-0: Ball
2-0: Ground out 4-3 (Groundball, 4M, EV 125 KM/H)
Batting: RHB Jesús Piñeda 0-0: Fly out, F9 (Line Drive, 9, EV 150 KM/H)
Batting: RHB Haffy Beattie 0-0: Ball
1-0: Swinging Strike
1-1: Called Strike
1-2: Foul Ball, location: 2F
1-2: SINGLE (Groundball, 4D, EV 155 KM/H)
Batting: RHB Alrigo García 0-0: Called Strike
0-1: Ball
1-1: Ground out 5-3 (Groundball, 56S, EV 131 KM/H)
Bottom of the 10th over - 0 runs, 1 hit, 0 errors, 1 left on base; Guanica 2 - Utuado 2
TOP OF THE 11TH
Guanica Amigos batting - Pitching for Utuado Arribenos : RHP Lucas Robles
Batting: RHB Mario Franco 0-0: Fly out, F4 (Popup, 4M, EV 105 KM/H)
Batting: LHB Felipe Vásquez 0-0: Called Strike
0-1: Ball
1-1: Swinging Strike
1-2: Ground out 6-3 (Groundball, 6, EV 171 KM/H)
Batting: RHB Filóstrato Pesantes 0-0: Called Strike
0-1: Ball
1-1: Foul Ball, location: 9LDF
1-2: SINGLE (Line Drive, 89M, EV 164 KM/H)
Batting: SHB Chandler King 0-0: Swinging Strike
0-1: Ball
1-1: Ball
2-1: Ball
3-1: SINGLE (Line Drive, 89M, EV 177 KM/H)
Filóstrato Pesantes to second
Runner from 2nd tries for 3rd, SAFE, throw by RF made to third
Chandler King to second
Pinch Hitting: LHB Matías Vega 0-0: Ball
1-0: Foul Ball, location: 7LMF
1-1: Called Strike
1-2: Ball
2-2: Ground out 6-3 (Groundball, 6MD, EV 150 KM/H)
Top of the 11th over - 0 runs, 2 hits, 0 errors, 2 left on base; Guanica 2 - Utuado 2
BOTTOM OF THE 11TH
Utuado Arribenos batting - Pitching for Guanica Amigos : LHP Urso Cáceres
Now at SS: Menendo Pérez
Batting: RHB Jorge Pitones 0-0: Fly out, F7 (Flyball, 7LM, EV 121 KM/H)
Batting: RHB Guarionex Garza 0-0: Called Strike
0-1: Swinging Strike
0-2: SINGLE (Line Drive, 7S, EV 156 KM/H)
Batting: RHB Diomedes Estopinán 0-0: Ball
1-0: Ball
2-0: Bunt - Flyout to 13! F1
Batting: RHB Manuel Cabrera 0-0: Called Strike
0-1: Ball
1-1: Ball
2-1: Fly out, F7 (Line Drive, 7S, EV 139 KM/H)
Bottom of the 11th over - 0 runs, 1 hit, 0 errors, 1 left on base; Guanica 2 - Utuado 2
TOP OF THE 12TH
Guanica Amigos batting - Pitching for Utuado Arribenos : RHP Lucas Robles
Batting: SHB Adelmo López 0-0: Ball
1-0: Ball
2-0: Swinging Strike
2-1: Swinging Strike
2-2: Ground out 6-3 (Groundball, 6M, EV 165 KM/H)
Batting: RHB Gerardo Alonso 0-0: Called Strike
0-1: Ball
1-1: Called Strike
1-2: Ball
2-2: Foul Ball, location: 2F
2-2: Ball
3-2: Base on Balls
Batting: RHB Melquíades Milla 0-0: Bunt missed!
0-1: Bunted foul
0-2: Ball
Gerardo Alonso is caught stealing 2nd base 2-4
1-2: Ball
2-2: Foul Ball, location: 2F
2-2: DOUBLE (Groundball, 5L, EV 164 KM/H)
Batting: RHB Noé Pérez 0-0: Fly out, F8 (Flyball, 8LD, EV 147 KM/H)
Top of the 12th over - 0 runs, 1 hit, 0 errors, 1 left on base; Guanica 2 - Utuado 2
BOTTOM OF THE 12TH
Utuado Arribenos batting - Pitching for Guanica Amigos : LHP Urso Cáceres
Batting: LHB Marco Aguiar 0-0: Foul Ball, location: 2F
0-1: Called Strike
0-2: Ball
1-2: Fly out, F3 (Popup, 3F, EV 120 KM/H)
Batting: RHB Rogelio Hernández 0-0: Called Strike
0-1: Swinging Strike
0-2: Ball
1-2: Strikes out swinging
Batting: RHB Jesús Piñeda 0-0: Ball
1-0: Fly out, F4 (Popup, 4D, EV 108 KM/H)
Bottom of the 12th over - 0 runs, 0 hits, 0 errors, 0 left on base; Guanica 2 - Utuado 2
TOP OF THE 13TH
Guanica Amigos batting - Pitching for Utuado Arribenos : RHP Lucas Robles
Batting: RHB Mario Franco 0-0: Ball
1-0: Ball
2-0: Ball
3-0: Called Strike
3-1: Swinging Strike
3-2: Foul Ball, location: 2F
3-2: Ground out 4-3 (Groundball, 4, EV 142 KM/H)
Batting: LHB Felipe Vásquez 0-0: Ball
1-0: Ball
2-0: Called Strike
2-1: Ball
3-1: DOUBLE (Line Drive, 7LM, EV 161 KM/H)
Batting: RHB Filóstrato Pesantes 0-0: Ball
1-0: Ball
2-0: Fly out, F8 (Line Drive, 89D, EV 176 KM/H)
Batting: SHB Chandler King 0-0: Foul Ball, location: 2F
0-1: Foul Ball, location: 7LDF
0-2: Fly out, F9 (Flyball, 9D, EV 154 KM/H)
Top of the 13th over - 0 runs, 1 hit, 0 errors, 1 left on base; Guanica 2 - Utuado 2
BOTTOM OF THE 13TH
Utuado Arribenos batting - Pitching for Guanica Amigos : LHP Urso Cáceres
Batting: RHB Haffy Beattie 0-0: Ball
1-0: Called Strike
1-1: Ground out 4-3 (Groundball, 4, EV 128 KM/H)
Batting: RHB Alrigo García 0-0: Ball
1-0: Foul Ball, location: 3DF
1-1: Called Strike
1-2: SINGLE (Groundball, 4D, EV 162 KM/H)
Batting: RHB Jorge Pitones 0-0: Ball
1-0: Ball
2-0: Called Strike
2-1: Foul Ball, location: 2F
2-2: DOUBLE (Line Drive, 78XD, EV 171 KM/H)
Alrigo García to third
Batting: RHB Guarionex Garza 0-0: Ball
1-0: Ball
2-0: Ball
3-0: Base on Balls
Batting: RHB Diomedes Estopinán 0-0: Ball
1-0: Foul Ball, location: 3SF
1-1: Foul Ball, location: 2RF
1-2: Ball
Passed Ball!
Alrigo García scores
Bottom of the 13th over - 1 run, 2 hits, 0 errors, 2 left on base; Guanica 2 - Utuado 3
Saturday, April 13th , 2024 - OOTP Baseball 25.2 Build 53